 Dungeon Crawl Stone Soup version 0.28-a0-1087-gf3fc490d9d (webtiles) character file.

Game seed: 4384872244935299297

3633 leviel the Cleaver (level 10, -2/90 HPs)
             Began as a Hill Orc Fighter on Dec 11, 2021.
             Was a Believer of Qazlal.
             Slain by an orc knight (17 damage)
             ... in a bailey.
             The game lasted 00:14:24 (9948 turns).

leviel the Cleaver (Hill Orc Fighter)               Turns: 9948, Time: 00:14:25

Health: -2/90      AC: 13    Str: 24    XL:     10   Next: 11%
Magic:  11/11      EV:  8    Int:  8    God:    Qazlal [**....]
Gold:   93         SH: 11    Dex: 10    Spells: 9/9 levels left

rFire   . . .      SeeInvis .   m - +0 broad axe (elec)
rCold   . . .      Faith    .   y - +0 kite shield
rNeg    . . .      Spirit   .   u - +0 acid dragon scales
rPois   .          Reflect  .   (no helmet)
rElec   .          Harm     .   f - +0 cloak
rCorr   +          Rampage  .   (no gloves)
Will    .....                   (no boots)
Stlth   +.........              (no amulet)
HPRegen 0.25/turn               l - +4 ring of protection
MPRegen 0.12/turn               (no ring)

@: mighty, hasted, studying Necromancy, very quick
A: no striking features
a: Renounce Religion, Upheaval


You were in a bailey.
You worshipped Qazlal.
Qazlal was pleased with you.
You visited 2 branches of the dungeon, and saw 10 of its levels.
You also visited: Bailey.

You collected 381 gold pieces.
You spent 288 gold pieces at shops.

Inventory:

Hand Weapons
 m - a +0 broad axe of electrocution (weapon)
 n - a +2 falchion of flaming
Missiles
 h - 23 poisoned darts
 j - a throwing net (quivered)
Armour
 f - a +0 cloak (worn)
 u - +0 acid dragon scales (worn)
 y - a +0 kite shield (worn)
Jewellery
 l - a +4 ring of protection (left hand)
Wands
 r - a wand of iceblast (7)
 s - a wand of digging (5)
 t - a wand of acid (5)
 v - a wand of polymorph (8)
 x - a wand of paralysis (12)
Scrolls
 i - 2 scrolls of teleportation
 q - 2 scrolls of identify {@r1}
Potions
 a - 2 potions of berserk rage
 b - a potion of magic
 d - a potion of might
 e - a potion of haste
 g - a potion of heal wounds
 k - a potion of cancellation
 o - 6 potions of mutation
 p - 5 potions of curing
 w - 2 potions of lignification


   Skills:
 + Level 8.5 Fighting
 * Level 11.8 Axes
 + Level 7.8 Armour
 + Level 4.2 Shields
 - Level 7.6 Necromancy
 + Level 1.3 Invocations
 + Level 1.0 Evocations


You had 9 spell levels left.
You didn't know any spells.
Your spell library contained the following spells:

 Spells                   Type           Power      Damage    Failure   Level
 Foxfire                  Conj/Fire      0%         2x1d4     91%         1
 Sandblast                Erth           0%         2d4       91%         1
 Slow                     Hex            0%         N/A       91%         1
 Ensorcelled Hibernation  Hex/Ice        0%         N/A       97%         2
 Passwall                 Tmut/Erth      0%         N/A       97%         2
 Call Canine Familiar     Summ           0%         N/A       99%         3
 Confusing Touch          Hex            0%         N/A       99%         3
 Conjure Flame            Conj/Fire      0%         6-21      99%         3
 Inner Flame              Hex/Fire       0%         N/A       99%         3
 Portal Projectile        Hex/Tloc       0%         N/A       99%         3
 Spider Form              Tmut/Pois      0%         N/A       99%         3
 Stone Arrow              Conj/Erth      0%         3d7       99%         3
 Flame Wave               Conj/Fire      0%         2d4       100%        4
 Leda's Liquefaction      Hex/Erth       0%         N/A       100%        4
 Yara's Violent Unravell  Hex/Tmut       0%         3d3       100%        5
 Borgnjor's Revivificati  Necr           6%         N/A       100%        8
 Necromutation            Tmut/Necr      3%         N/A       100%        8
 Death's Door             Necr           6%         N/A       100%        9


Dungeon Overview and Level Annotations

Branches:
Dungeon (9/15)             Temple (1/1) D:6            Lair (0/6) D:8
 Bailey (1/1)
    Orc: D:9-12

Altars:
Cheibriados
Dithmenos
Elyvilon
Fedhas
Gozag
Hepliaklqana
Kikubaaqudgha
Makhleb
Nemelex Xobeh
Okawaru
Qazlal
Ru
Sif Muna
Trog
Uskayaw
Vehumet
Wu Jian
Xom
Zin
The Shining One

Shops:
D:7 !   D:8 *


Message History

Aim: a hobgoblin, quivering boomerangs (71% to hit)
The bolt of acid hits the hobgoblin!
You kill the hobgoblin!
Qazlal accepts your kill.
The bolt of acid hits the orc knight.
The acid corrodes the orc knight!
The orc knight is lightly wounded.
The bolt of acid hits something!
The acid corrodes something!
Qazlal accepts your kill.
Reactivating autopickup.
You feel a bit more experienced.
The bolt of acid hits the kobold!
The acid corrodes the kobold!
You kill the kobold!
Qazlal accepts your kill.
Aiming: Corrosive Bolt
Press: ? - help, Shift-Dir - straight line, f - orc knight
Aim: an orc knight, wielding a +0 great sword and wearing a +0 plate armour (lightly wounded, covered in acid, 71% to hit)
The bolt of acid hits the orc knight!
The orc knight is moderately wounded.
The bolt of acid hits the gnoll!
The gnoll is severely wounded.
You completely miss the orc knight.
The orc knight is moderately wounded.
The orc knight hits you with a +0 great sword!!
You barely miss the orc knight.
The orc knight is moderately wounded.
The orc knight hits you with a +0 great sword!!
You barely miss the orc knight.
The orc knight is moderately wounded.
You slash the orc knight!
The orc knight is moderately wounded.
The orc knight hits you with a +0 great sword.
You hit the orc knight.
The orc knight is heavily wounded.
The orc knight hits you with a +0 great sword!!
* * * LOW HITPOINT WARNING * * *
You barely miss the orc knight.
The orc knight is heavily wounded.
The orc knight hits you with a +0 great sword!
You die... ##### ### ## #@'.###.# #.# #o###(##'##'# gg#

##.....# !.gg
###.....###
'..(.
#.'..)..'.#
#.....
###.....###
#....!#
##.....## '##'
#'###'##'##)##
#g#.###.###.#


You could see an orc knight (corroded), 3 gnolls and a hobgoblin.

Vanquished Creatures
  A two-headed ogre (D:4)
  Maggie (D:6)
  Edmund (D:6)
  An orc warrior (D:7)
  2 black bears
  An ice beast (D:7)
  2 sky beasts
  2 necrophages (D:7)
  5 centaurs
  3 scorpions
  A water moccasin skeleton (D:4)
  5 killer bees (D:7)
  A centaur zombie (D:8)
  3 hounds
  3 orc priests
  A gnoll shaman (D:7)
  3 jellies
  2 iguanas
  A scorpion zombie (D:4)
  8 orc wizards
  A killer bee zombie (D:8)
  A howler monkey zombie (D:8)
  22 gnolls
  4 adders
  A shadow imp (D:7)
  An adder skeleton (D:4)
  4 worms
  18 orcs
  11 endoplasms
  7 giant cockroaches
  11 goblins
  17 hobgoblins
  3 jackals
  19 kobolds
  4 quokkas
  6 ball pythons
  7 bats
  2 frilled lizards (D:1)
  A quokka skeleton (D:4)
  5 rats
192 creatures vanquished.

Notes
Turn   | Place    | Note
-------+----------+-------------------------------------------
     0 | D:1      | leviel the Hill Orc Fighter began the quest for the Orb.
     0 | D:1      | Reached XP level 1. HP: 19/19 MP: 1/1
    28 | D:1      | Reached XP level 2. HP: 22/27 MP: 2/2
    31 | D:1      | Reached skill level 3 in Axes
   261 | D:1      | Reached XP level 3. HP: 33/33 MP: 3/3
   886 | D:2      | Reached XP level 4. HP: 9/40 MP: 4/4
  1457 | D:2      | Reached skill level 4 in Axes
  1467 | D:2      | Reached XP level 5. HP: 26/47 MP: 5/5
  1472 | D:2      | You fall into a shaft and drop 2 floors!
  2548 | D:3      | Reached skill level 5 in Axes
  2643 | D:3      | Reached skill level 5 in Fighting
  2653 | D:3      | Reached XP level 6. HP: 56/56 MP: 6/6
  3235 | D:4      | Noticed a two-headed ogre
  3244 | D:4      | Killed a two-headed ogre
  3245 | D:4      | Reached skill level 7 in Axes
  3245 | D:4      | Reached skill level 5 in Armour
  3245 | D:4      | Reached XP level 7. HP: 22/63 MP: 7/7
  3245 | D:4      | Reached XP level 8. HP: 24/70 MP: 8/8
  3687 | D:4      | Reached skill level 8 in Axes
  3797 | D:4      | Found a glowing silver altar of Zin.
  4197 | D:5      | Entered Level 5 of the Dungeon
  4443 | D:5      | Found a blossoming altar of Fedhas.
  5131 | D:6      | Reached skill level 9 in Axes
  5140 | D:6      | Reached skill level 5 in Necromancy
  5518 | D:6      | Found a staircase to the Ecumenical Temple.
  5579 | Temple   | Entered the Ecumenical Temple
  6022 | Temple   | Became a worshipper of Qazlal Stormbringer
  6406 | D:6      | Noticed Edmund
  6422 | D:6      | Killed Edmund
  6836 | D:6      | Noticed Maggie
  6847 | D:6      | Killed Maggie
  6848 | D:6      | Reached skill level 10 in Axes
  6848 | D:6      | Reached XP level 9. HP: 69/79 MP: 9/9
  7790 | D:7      | Found Doenyam's Distillery.
  7800 | D:7      | Bought a potion of degeneration for 12 gold pieces
  7800 | D:7      | Bought a potion of berserk rage for 60 gold pieces
  7800 | D:7      | Bought a potion of mutation for 96 gold pieces
  7800 | D:7      | Bought a potion of lignification for 36 gold pieces
  7800 | D:7      | Bought a potion of curing for 36 gold pieces
  7800 | D:7      | Bought a potion of might for 48 gold pieces
  7927 | D:7      | Reached skill level 11 in Axes
  7973 | D:7      | Reached * piety under Qazlal
  8614 | D:8      | Found a staircase to the Lair.
  8850 | D:8      | Reached XP level 10. HP: 90/90 MP: 10/10
  8866 | D:8      | Found Wofig's General Store.
  8949 | D:8      | Identified the +5 hand crossbow of Hepliaklqana's Hatred
                  | {penet, rPois rCorr Int+3}
  9258 | D:8      | Identified the +0 chain mail "Urill" {Rampage rPois Str+2}
  9369 | D:9      | Reached skill level 1 in Invocations
  9399 | D:9      | Found a flagged portal.
  9406 | Bailey   | Entered a bailey
  9562 | Bailey   | Reached ** piety under Qazlal
  9849 | Bailey   | Reached skill level 1 in Evocations
  9937 | Bailey   | Noticed an orc knight
  9948 | Bailey   | Slain by an orc knight

Illustrated notes

Levels and vault maps discovered:
D:1:      psy_arrival_statuary, layout_loops_ring, serial_glass,
          glass_columns_b, glass_columns_b
D:2:      minmay_chambers_of_twos, layout_basic, minmay_pentomino_v4
D:3:      layout_loops_cross
D:4:      layout_gridville, mainiacjoe_overflow_cross_hatched,
          minmay_manual_mess
D:5:      layout_gridville, lemuel_round_altar, kennysheep_diamond,
          small_statue_intersection
D:6:      layout_basic, minmay_temple_entry_offerings, serial_co_window_serial,
          co_window_paths_a, co_window_paths_b, co_window_paths_a,
          co_window_paths_b, co_window_corner_a, co_window_corner_ca,
          co_window_corner_cb, co_window_broadway_a, co_window_broadway_a,
          co_window_2corner, co_window_broadway_b, glass_columns_b, uniq_edmund,
          uniq_maggie
D:7:      layout_cave_pods, serial_shops, shop
D:8:      layout_basic, lair_entry_dummy, serial_shops, nicolae_square_shop
D:9:      minmay_sliced_demisemicircle, layout_basic,
          nicolae_overflow_crystal_walls, mainiacjoe_overflow_boulevard,
          enter_bailey_3
Temple:   dpeg_five_rooms_temple
Bailey:   bailey_axe_2, bailey

Skill      XL: |  1  2  3  4  5  6  7  8  9 10 |
---------------+-------------------------------+-----
Axes           | 3 4 5 7 10 11 | 11.8
Fighting       | 4 5 6 7 8 |  8.5
Armour         | 4 5 6 7 |  7.8
Shields        | 4 |  4.2
Necromancy     | 3 6 7 |  7.6
Invocations    | 1 |  1.3
Evocations     | 1 |  1.0

Action                   |  1- 3 |  4- 6 |  7- 9 | 10-12 || total
-------------------------+-------+-------+-------+-------++-------
Melee: War axe           |    99 |    42 |       |       ||   141
       Broad axe         |       |   109 |   229 |    79 ||   417
Throw: Throwing net      |       |       |       |     2 ||     2
Evoke: Wand              |       |       |     6 |     3 ||     9
  Use: Scroll            |       |     7 |     3 |     4 ||    14
       Potion            |       |     2 |       |     2 ||     4
 Stab: Paralysed         |       |       |       |     1 ||     1
Armor: Scale mail        |    55 |    71 |    59 |       ||   185
       Acid dragon scale |       |       |    82 |    31 ||   113
Dodge: Dodged            |    48 |    63 |   157 |    28 ||   296
Block: Buckler           |    36 |    31 |    52 |       ||   119
       Kite shield       |       |       |       |    39 ||    39

Table legend: (Time is in decaauts)
 A = Elapsed time spent in this place.
 B = Non-inter-level travel time spent in this place.
 C = Inter-level travel time spent in this place.
 D = Time resting spent in this place.
 E = Time spent auto-exploring this place.
 F = Levels seen in this place.
 G = Mean time per level.
                   A        B        C        D        E       F      G
               +--------+--------+--------+--------+--------+-----+--------+
         Total |  10062 |   9424 |    638 |   1216 |   6761 |  11 |  914.7 |
       Dungeon |   9038 |   8658 |    380 |    879 |   6510 |   9 | 1004.2 |
        Temple |    472 |    214 |    258 |      0 |    201 |   1 |  472.0 |
        Bailey |    551 |    551 |      0 |    337 |     50 |   1 |  551.0 |
               +--------+--------+--------+--------+--------+-----+--------+

Top non-repeatable levels by time:
     D:6: 1643 daAuts
     D:7: 1426 daAuts
     D:2: 1244 daAuts
     D:4: 1144 daAuts
     D:1: 1042 daAuts
     D:8: 854 daAuts
     D:3: 844 daAuts
     D:5: 729 daAuts
  Bailey: 551 daAuts
  Temple: 472 daAuts
     D:9: 110 daAuts
